 Dungeon Crawl Stone Soup version 0.28.0-53-g5a82cb258f (webtiles) character file.

Game seed: 10423812627163023947

212 Sin92 the Skirmisher (level 5, 0/42 HPs)
             Began as a Demonspawn Fighter on June 6, 2022.
             Slain by Jessica
             ... wielding a +0 club
              (5 damage)
             ... on level 2 of the Dungeon.
             The game lasted 00:03:24 (2399 turns).

Sin92 the Skirmisher (Demonspawn Fighter)           Turns: 2399, Time: 00:03:24

Health: 0/42       AC:  6    Str: 16    XL:     5   Next: 58%
Magic:  5/5        EV:  9    Int: 10    God:
Gold:   43         SH:  5    Dex: 14    Spells: 4/4 levels left

rFire   . . .      SeeInvis .   a - +0 war axe
rCold   . . .      Faith    .   c - +0 buckler
rNeg    . . .      Spirit   .   b - +0 scale mail
rPois   .          Reflect  .   (no helmet)
rElec   .          Harm     .   (no cloak)
rCorr   .          Rampage  .   (no gloves)
Will    .....                   (no boots)
Stlth   ..........              (no amulet)
HPRegen 0.14/turn               (no ring)
MPRegen 0.09/turn               (no ring)

@: no status effects
A: demonic guardian 2
a: no special abilities


You were on level 2 of the Dungeon.
You visited 1 branch of the dungeon, and saw 3 of its levels.

You collected 43 gold pieces.

Inventory:

Hand Weapons
 a - a +0 war axe (weapon)
Armour
 b - a +0 scale mail (worn)
 c - a +0 buckler (worn)
Scrolls
 e - a scroll of silence {unknown}
Potions
 d - a potion of might
 f - a potion of cancellation {unknown}
 g - a potion of magic {unknown}


   Skills:
 + Level 3.8 Fighting
 + Level 2.8 Axes
 + Level 3.4 Armour
 + Level 2.0 Dodging
 + Level 3.5 Shields


You had 4 spell levels left.
You didn't know any spells.
Your spell library was empty.

Dungeon Overview and Level Annotations

Branches:
Dungeon (3/15)

Altars:

Annotations:
D:2 Jessica
D:3 Sigmund


Innate Abilities, Weirdness & Mutations

A demonic guardian rushes to your aid.


Message History

The orc priest is severely wounded.
You closely miss the ball python. The ball python barely misses you.
You block the ball python's attack. The ball python barely misses you.
The ball python grabs you. The ball python constricts you.
Sigmund mumbles some strange words.
Sigmund flickers and vanishes!
Deactivating autopickup; reactivate with Ctrl-A.
The orc priest hits you but does no damage.
You completely miss the orc priest.
The orc priest is severely wounded.
You barely miss the ball python. The ball python closely misses you.
The ball python constricts you.
The orc priest hits you but does no damage.
The ball python barely misses you. The ball python constricts you.
The orc priest hits you but does no damage.
You closely miss the orc priest.
The orc priest is severely wounded.
You closely miss Jessica. You closely miss the ball python.
You block Jessica's attack. The ball python bites you.
The ball python constricts you. You block the orc priest's attack.
Jessica casts a spell at you. You resist with some effort.
The ball python bites you but does no damage.
The ball python constricts you.
You escape the ball python's grasp.
There is a stone staircase leading up here.
Something hits you.
* * * LOW HITPOINT WARNING * * *
A demonic guardian appears!
Something freezes you.
* * * LOW HITPOINT WARNING * * *
The orc priest barely misses you. Jessica hits you but does no damage.
You climb upwards.
Reactivating autopickup.
There is a stone staircase leading down here.
You hit the orc priest.
The orc priest is severely wounded.
You hit Jessica.
The orc priest hits you but does no damage.
Jessica hits you with a +0 club.
You die...

#..##....## ###.....##### #.##..
#..##....# #...........# #.##.#
...##....#####..........## #.#..#
#..##..).))).<..........# #.#.##
...###)##.÷###).........####.#.#.
#.......#))#............##.....#†
#.....)............)....##.#.###.
...............o.@......#..#.#...
#.####..........@.......#.##...##
#.##......(..##........)#.....##
#.##.........#..########(..#.####
...............#########..##.###.
#.......####.....................
#....^..............#.##.##..###.
#...<###########.........##.## ##
#....# #>.........#.# ....##
#........#...#


You could see an orc priest and Jessica.

Vanquished Creatures
  Natasha (D:2)
  3 adders (D:2)
  3 gnolls (D:2)
  A worm (D:2)
  3 orcs (D:3)
  2 endoplasms
  3 giant cockroaches
  11 goblins
  6 hobgoblins
  9 kobolds
  2 quokkas
  3 ball pythons
  6 bats
  3 frilled lizards
  3 rats
59 creatures vanquished.

Vanquished Creatures (collateral kills)
  Natasha (twice) (D:2)
  Robin (D:2)
  A quokka (D:2)
  A rat (D:2)
5 creatures vanquished.

Grand Total: 64 creatures vanquished

Notes
Turn   | Place    | Note
-------+----------+-------------------------------------------
     0 | D:1      | Sin92 the Demonspawn Fighter began the quest for the Orb.
     0 | D:1      | Reached XP level 1. HP: 18/18 MP: 1/1
   220 | D:1      | Gained mutation: A weak demonic guardian rushes to your
                  | aid. [demonic ancestry]
   220 | D:1      | Reached XP level 2. HP: 24/24 MP: 2/2
  1266 | D:2      | Found a faded altar of an unknown god.
  1308 | D:2      | Reached XP level 3. HP: 10/29 MP: 3/3
  1397 | D:2      | Noticed Natasha
  1407 | D:2      | Killed Natasha
  1408 | D:2      | Reached skill level 1 in Dodging
  1429 | D:2      | Reached XP level 4. HP: 7/35 MP: 4/4
  1468 | D:2      | Noticed Natasha
  1475 | D:2      | Killed Natasha
  1475 | D:2      | HP: 1/36 [bat (1)]
  1476 | D:2      | Gained mutation: A demonic guardian rushes to your aid.
                  | [demonic ancestry]
  1476 | D:2      | Reached XP level 5. HP: 2/42 MP: 5/5
  1481 | D:2      | Noticed Robin
  1761 | D:2      | Killed Robin
  1814 | D:2      | Noticed Natasha
  1825 | D:2      | Killed Natasha
  2389 | D:3      | Noticed Jessica
  2391 | D:3      | Noticed Sigmund
  2399 | D:2      | Slain by Jessica

Illustrated notes

Levels and vault maps discovered:
D:1:      amcnicky_arrival_choice, layout_basic, st_stairs_4, minmay_octomino_e4
D:2:      layout_rooms, hellmonk_ecumenical_altar_leap_of_faith,
          minmay_diced_spiral, uniq_natasha, uniq_robin
D:3:      layout_basic, serial_aquarium, aquarium_bridge_long_separate
          [aquarium_subvault_bridge, aquarium_subvault_balcony,
          aquarium_subvault_wall, aquarium_subvault_bridge,
          aquarium_subvault_bridge, aquarium_subvault_bridge],
          aquarium_window_2, aquarium_window_2, aquarium_window_2,
          aquarium_window_fake, aquarium_view_2e, minmay_starry_boxes,
          uniq_jessica, uniq_sigmund, uniq_terence

Skill      XL: |  1  2  3  4  5 |
---------------+----------------+-----
Axes           | 2 |  2.8
Armour         | 3 |  3.4
Shields        | 3 |  3.5
Dodging        | 1 2 |  2.0
Fighting       | |  3.8

Action                   |  1- 3 |  4- 6 || total
-------------------------+-------+-------++-------
Melee: War axe           |    68 |    81 ||   149
  Use: Potion            |     2 |       ||     2
       Scroll            |     1 |     3 ||     4
Armor: Scale mail        |    24 |    41 ||    65
Dodge: Dodged            |    21 |    55 ||    76
Block: Buckler           |    18 |    22 ||    40
